 Dungeon Crawl Stone Soup version 0.27-a0-67-g4bfc8a49e1 (webtiles) character file.

Game seed: 16382607704612868288

43376 pistachioham the Jinx (level 13, -12/63 HPs)
             Began as a Deep Elf Conjurer on Jan 8, 2021.
             Was an Elder of Sif Muna.
             Killed from afar by a killer bee (18 damage)
             ... with an exploding inner flame
             ... on level 11 of the Dungeon on Jan 10, 2021.
             The game lasted 02:57:03 (23152 turns).

pistachioham the Jinx (Deep Elf Conjurer)          Turns: 23152, Time: 02:57:04

Health: -12/63     AC:  7    Str: 11    XL:     13   Next: 90%
Magic:  32/36      EV: 17    Int: 32    God:    Sif Muna [****..]
Gold:   1580       SH:  5    Dex: 15    Spells: 9/35 levels left

rFire    . . .     SeeInvis .   a - +2 longbow of Ysijeoss {speed, rElec Str+6}
rCold    . . .     Faith    .   (shield currently unavailable)
rNeg     . . .     Spirit   .   V - +2 robe of Vines {NoPotionHeal Regen+7}
rPois    +         Reflect  +   J - +2 hat {Will+}
rElec    +         Harm     .   K - scarf {+Inv}
rCorr    .         Rampage  .   o - +1 pair of gloves
Will     ++...                  (no boots)
Stlth    +++.......             i - amulet of reflection
HPRegen  3.00/turn              f - ring of magical power
MPRegen  0.25/turn              E - +6 ring of intelligence

@: no status effects
A: horns 1, deformed body, low mp 1, poison resistance
a: Renounce Religion, Evoke Invisibility, Channel Magic, Forget Spell, Divine
Exegesis


You were on level 11 of the Dungeon.
You worshipped Sif Muna.
Sif Muna was greatly pleased with you.
You visited 3 branches of the dungeon, and saw 18 of its levels.
You also visited: Volcano.

You collected 1580 gold pieces.

Inventory:

Hand Weapons
 a - the +2 longbow of Ysijeoss (weapon) {speed, rElec Str+6}
   (You acquired it on level 5 of the Lair of Beasts)

   Attacks with this weapon are significantly faster.
   It affects your strength (+6).
   It insulates you from electricity.
 b - a +4 dagger
 y - the cursed +0 halberd of Propriety {freeze, rN++ Will- Int+5}
   (You found it on level 5 of the Dungeon)

   It has been specially enchanted to freeze those struck by it, causing extra
   injury to most foes and up to half again as much damage against particularly
   susceptible opponents.
   It can also slow down cold-blooded creatures.
   It affects your intelligence (+5).
   It greatly protects you from negative energy.
   It affects your willpower, your defense against some magical effects.
   It has a curse placed upon it.
 H - a +4 scimitar
 P - a +2 shortbow
Missiles
 g - 211 arrows (quivered ammo)
Armour
 j - a +2 robe of fire resistance
 n - a scarf of harm
 o - a +1 pair of gloves (worn)
 D - the +0 robe of Eternal Vigilance {*Slow rPois rF+++ Int+4}
   (You found it on level 7 of the Dungeon)

   It affects your intelligence (+4).
   It renders you almost immune to fire.
   It protects you from poison.
   It may slow you when you take damage.
 J - a +2 hat of willpower (worn)
 K - a scarf of invisibility (worn)
 N - a +2 robe of cold resistance
 V - the +2 robe of Vines (worn) {NoPotionHeal Regen+7}
   (You found it in a volcano)

   It increases your rate of regeneration.
Jewellery
 f - a ring of magical power (left hand)
 i - an amulet of reflection (around neck)
 A - an uncursed ring of willpower
 E - a +6 ring of intelligence (right hand)
 L - a +4 ring of protection
 T - an uncursed ring of protection from fire
Wands
 u - a wand of flame (71)
 x - a wand of random effects (46)
 B - a wand of iceblast (7)
 C - a wand of acid (9)
 I - a wand of enslavement (4)
 O - a wand of paralysis (11)
Scrolls
 d - 8 scrolls of teleportation
 e - 13 scrolls of identify
 m - a scroll of immolation
 p - a scroll of noise
 q - 4 scrolls of amnesia
 r - 2 scrolls of magic mapping
 s - 9 scrolls of remove curse
 t - 2 scrolls of blinking
 w - 2 scrolls of fear
 S - a scroll of enchant armour
Potions
 c - 2 potions of flight
 h - 6 potions of curing
 k - a potion of cancellation
 l - 2 potions of heal wounds
 v - 2 potions of lignification
 z - 2 potions of berserk rage
 F - 3 potions of attraction
 G - a potion of ambrosia
 R - a potion of haste {unknown}
 X - a potion of brilliance
Miscellaneous
 Q - a lightning rod (4/4)


   Skills:
 + Level 13.8 Bows
 - Level 7.2 Dodging
 - Level 5.5 Stealth
 + Level 11.5 Spellcasting
 + Level 14.0 Conjurations
 + Level 14.9 Hexes
 - Level 8.2 Invocations


You had 9 spell levels left.
You knew the following spells:

 Your Spells              Type           Power        Failure   Level
a - Magic Dart            Conj           100%         0%          1
b - Searing Ray           Conj           100%         0%          2
c - Dazzling Flash        Conj/Hex       100%         1%          3
d - Fulminant Prism       Conj/Hex       42%          1%          4
e - Iskenderun's Mystic   Conj/Tloc      59%          1%          4
f - Foxfire               Conj/Fire      100%         1%          1
g - Orb of Destruction    Conj           41%          7%          7
C - Corona                Hex            94%          0%          1
D - Tukima's Dance        Hex            85%          1%          3

Your spell library contained the following spells:

 Spells                   Type           Power        Failure   Level
 Ensorcelled Hibernation  Hex/Ice        100%         1%          2
 Confusing Touch          Hex            85%          1%          3
 Sticky Flame             Conj/Fire      59%          1%          4
 Beastly Appendage        Tmut           36%          2%          1
 Wereblood                Tmut           18%          4%          2
 Fireball                 Conj/Fire      29%          4%          5
 Lightning Bolt           Conj/Air       29%          4%          5
 Spider Form              Tmut/Pois      9%           8%          3
 Conjure Ball Lightning   Conj/Air       29%          22%         6
 Ice Form                 Ice/Tmut       18%          26%         4
 Freezing Cloud           Conj/Ice/Air   24%          52%         6
 Alistair's Intoxication  Tmut/Pois      12%          58%         5
 Blade Hands              Tmut           9%           58%         5
 Spellforged Servitor     Conj/Summ      29%          77%         7


Dungeon Overview and Level Annotations

Branches:
Dungeon (11/15)            Temple (1/1) D:4            Lair (6/6) D:9
 Shoals (0/4) Lair:4       Spider (0/4) Lair:3        Slime (0/5) Lair:5
Volcano (visited)
    Orc: D:9-12

Altars:
Ashenzari
Cheibriados
Dithmenos
Elyvilon
Fedhas
Gozag
Hepliaklqana
Kikubaaqudgha
Makhleb
Nemelex Xobeh
Okawaru
Qazlal
Ru
Sif Muna
Trog
Uskayaw
Vehumet
Wu Jian
Xom
Yredelemnul
Zin
The Shining One
Jiyva

Annotations:
D:2 1 runed translucent door, 1 exclusion
Lair:2 1 runed translucent door, pigah's ghost, journeyman DsWn


Innate Abilities, Weirdness & Mutations

You have a pair of small horns on your head.
Armour fits poorly on your strangely shaped body.
Your magical capacity is low. (-10% MP)
Your system is resistant to poisons. (rPois)


Message History

The fiery explosion engulfs the centaur!!
Sif Muna accepts your kill.
The fiery explosion engulfs the worker ant zombie!
Flame seeps out of the worker ant zombie.
The worker ant zombie is severely damaged.
The centaur explodes!
The fiery explosion engulfs the centaur!!
Flame seeps out of the centaur.
The centaur is almost dead.
The fiery explosion engulfs the killer bee!
Sif Muna accepts your kill.
The killer bee explodes!
The fiery explosion engulfs the centaur!!
Sif Muna accepts your kill.
The centaur explodes!
The killer bee explodes!
The fiery explosion engulfs you!
* * * LOW HITPOINT WARNING * * *
The killer bee explodes!
The fiery explosion engulfs you!!
You die...

#....####
#.....$..
#...(....
#....(..#
#.(.....#
#.(.....#
#######§......#
....§§§@§......
...§§§○○§......
...§§○○○#####+#
###§§§§○#
#..Z§§# #.....#
#.....# ......+


You could see a worker ant zombie (inner flame).

Vanquished Creatures
  Gastronok (Lair:1)
  Fannar (Lair:2)
  A fire dragon (Volcano)
  Erolcha (D:9)
  5 hydras
  3 death yaks (Lair:6)
  A hell hog (Volcano)
  An obsidian statue (Volcano)
  The ghost of scottley the Ruffian, a novice TrMo (D:5)
  2 lindwurms
  A manticore (Lair:4)
  3 black mambas
  2 elephants (Lair:5)
  A gargoyle (D:6)
  A torpor snail (Lair:4)
  15 cane toads
  7 komodo dragons
  2 rime drakes
  A troll (D:7)
  6 polar bears
  5 hornets (Lair:6)
  A dream sheep (Lair:6)
  16 blink frogs
  13 spriggans
  A wyvern (Lair:4)
  14 yaks
  8 fire bats (Volcano)
  4 basilisks
  An acid dragon (D:9)
  15 water moccasins
  2 hell hounds (Volcano)
  4 orc warriors
  4 black bears
  4 ice beasts
  2 sky beasts
  39 wolves
  6 ogres
  4 boggarts (Lair:6)
  8 centaurs
  2 big kobolds
  14 bullfrogs
  3 scorpions
  8 killer bees
  13 wights
  4 howler monkeys (D:9)
  2 bullfrog zombies (D:5)
  A quasit (D:7)
  7 lava snakes (Volcano)
  A spectral centaur (D:6)
  A bullfrog skeleton (D:10)
  7 hounds
  A centaur skeleton (D:8)
  7 orc priests
  A gnoll shaman (D:4)
  4 jellies
  12 orc wizards
  Jessica (D:2)
  3 iguanas
  7 worker ants
  4 hell rats (Lair:1)
  3 hound zombies
  A hound skeleton (D:4)
  A worker ant zombie (D:9)
  11 gnolls
  A howler monkey skeleton (D:8)
  14 adders
  4 shadow imps
  4 white imps
  2 ufetubi
  An ooze (D:4)
  A worm (D:3)
  An adder simulacrum (D:6)
  4 leopard geckos
  39 orcs
  2 ball pythons
  5 giant cockroaches
  12 goblins
  8 hobgoblins
  10 jackals
  4 quokkas
  A ball python zombie (D:5)
  8 bats
  3 frilled lizards
  A jackal skeleton (D:4)
  13 kobolds
  A leopard gecko zombie (D:5)
  9 rats
  A bush (D:8)
475 creatures vanquished.

Vanquished Creatures (collateral kills)
  A scorpion (D:9)
1 creature vanquished.

Vanquished Creatures (others)
  12 foxfires
  149 fulminant prisms
  107 fungi
  91 plants
359 creatures vanquished.

Grand Total: 835 creatures vanquished

Notes
Turn   | Place    | Note
-------+----------+-------------------------------------------
     0 | D:1      | pistachioham the Deep Elf Conjurer began the quest for the
                  | Orb.
     0 | D:1      | Reached XP level 1. HP: 10/10 MP: 6/6
    92 | D:1      | Reached skill level 5 in Conjurations
    92 | D:1      | Reached XP level 2. HP: 15/15 MP: 2/8
    95 | D:1      | Learned a level 2 spell: Searing Ray
   331 | D:1      | Reached XP level 3. HP: 19/19 MP: 7/9
   932 | D:2      | Reached XP level 4. HP: 24/24 MP: 8/10
   936 | D:2      | Learned a level 3 spell: Dazzling Flash
   970 | D:2      | Noticed Jessica
   972 | D:2      | Killed Jessica
   973 | D:2      | Reached skill level 1 in Hexes
  1388 | D:2      | Found a runed translucent door.
  1549 | D:3      | Found a glowing silver altar of Zin.
  1857 | D:3      | Reached XP level 5. HP: 28/28 MP: 6/11
  1925 | D:3      | Learned a level 4 spell: Fulminant Prism
  2143 | D:2      | Upgraded the game from 0.27-a0-61-g21144fbd99 to
                  | 0.27-a0-65-gfb268537a3
  2708 | D:4      | Noticed an ogre
  2711 | D:4      | Killed an ogre
  2712 | D:4      | Reached XP level 6. HP: 32/32 MP: 6/12
  2819 | D:4      | Reached skill level 5 in Hexes
  3225 | D:4      | Found a shimmering altar of Xom.
  3246 | D:4      | Found a staircase to the Ecumenical Temple.
  3257 | Temple   | Entered the Ecumenical Temple
  3328 | Temple   | Became a worshipper of Sif Muna the Loreminder
  3461 | D:4      | Reached XP level 7. HP: 36/36 MP: 8/13
  3872 | D:5      | Entered Level 5 of the Dungeon
  4313 | D:5      | Reached XP level 8. HP: 41/41 MP: 10/14
  4320 | D:5      | Reached skill level 5 in Stealth
  4656 | D:5      | Reached * piety under Sif Muna
  4755 | D:5      | Got an ichor-stained halberd
  4756 | D:5      | Identified the cursed +0 halberd of Propriety {freeze, rN++
                  | Will- Int+5} (You found it on level 5 of the Dungeon)
  5206 | D:6      | Noticed a gargoyle
  5365 | D:6      | Killed a gargoyle
  6027 | D:6      | Reached skill level 5 in Dodging
  6027 | D:6      | Reached XP level 9. HP: 45/45 MP: 7/15
  6423 | D:6      | Reached skill level 10 in Conjurations
  6874 | D:6      | Found a runed translucent gate.
  6874 | D:6      | Found a runed translucent gate.
  6878 | D:6      | Found a runed translucent gate.
  6879 | D:6      | Noticed scottley's ghost (novice TrMo)
  6910 | D:5      | Killed scottley's ghost
  7173 | D:7      | Reached skill level 10 in Hexes
  7550 | D:7      | Noticed a troll
  7555 | D:7      | Killed a troll
  7697 | D:7      | Reached ** piety under Sif Muna
  7777 | D:7      | Got a transparent robe
  8309 | D:7      | Reached skill level 1 in Invocations
  8619 | D:8      | Reached XP level 10. HP: 50/50 MP: 11/16
  9261 | D:8      | Identified the +4 chain mail of Lusyt {Harm}
  9310 | D:8      | Identified the +0 robe of Eternal Vigilance {*Slow rPois
                  | rF+++ Int+4} (You found it on level 7 of the Dungeon)
  9706 | D:8      | Learned a level 4 spell: Iskenderun's Mystic Blast
 10367 | D:9      | Reached *** piety under Sif Muna
 10428 | D:9      | Reached skill level 1 in Bows
 11081 | D:9      | Noticed Erolcha
 11090 | D:9      | Killed Erolcha
 11091 | D:9      | Reached skill level 5 in Invocations
 11528 | D:9      | Found a staircase to the Lair.
 11692 | D:9      | Reached skill level 5 in Spellcasting
 12155 | D:9      | Found a white marble altar of Elyvilon.
 12265 | D:10     | Entered Level 10 of the Dungeon
 12321 | D:10     | Reached **** piety under Sif Muna
 13094 | D:10     | Reached XP level 11. HP: 54/54 MP: 20/20
 13295 | D:11     | Noticed a green ugly thing
 13479 | D:11     | Noticed a two-headed ogre
 13639 | Lair:1   | Entered Level 1 of the Lair of Beasts
 13639 | Lair:1   | Noticed Gastronok
 13898 | Lair:1   | Killed Gastronok
 13899 | Lair:1   | Reached skill level 5 in Bows
 14223 | D:9      | Gained mutation: Armour fits poorly on your strangely
                  | shaped body. [potion of mutation]
 14223 | D:9      | Gained mutation: Your magical capacity is low. (-10% MP)
                  | [potion of mutation]
 14223 | D:9      | Gained mutation: You have a pair of small horns on your
                  | head. [potion of mutation]
 14223 | D:9      | Gained mutation: Your system is resistant to poisons.
                  | (rPois) [potion of mutation]
 15271 | Lair:2   | Noticed a six-headed hydra
 15349 | Lair:2   | Found a runed translucent door.
 15350 | Lair:2   | Found a shimmering altar of Xom.
 15350 | Lair:2   | Noticed pigah's ghost (journeyman DsWn)
 15351 | Lair:2   | Noticed a +3 great sword of chaos
 15467 | Lair:2   | Noticed an eight-headed hydra
 15476 | Lair:2   | Killed an eight-headed hydra
 15747 | Lair:2   | Noticed Fannar
 15760 | Lair:2   | Killed Fannar
 15764 | Lair:2   | Reached XP level 12. HP: 59/59 MP: 4/23
 16025 | Lair:2   | Killed a six-headed hydra
 16510 | Lair:3   | Noticed a five-headed hydra
 16517 | Lair:3   | Killed a five-headed hydra
 16622 | Lair:3   | Found a dark tunnel.
 16637 | Volcano  | Entered a volcano
 16730 | Volcano  | Reached ***** piety under Sif Muna
 16877 | Volcano  | Noticed a fire dragon
 16882 | Volcano  | Found a burning altar of Makhleb.
 16889 | Volcano  | Killed a fire dragon
 16974 | Volcano  | Noticed a hell hog
 16983 | Volcano  | Killed a hell hog
 16984 | Volcano  | Reached skill level 10 in Bows
 17009 | Volcano  | Found the +2 robe of Vines {NoPotionHeal Regen+7}
 17260 | Lair:3   | Identified Pullit's Guide on Attacks and Venom (Sif Muna
                  | gifted it to you on level 3 of the Lair of Beasts)
 17260 | Lair:3   | Received a gift from Sif Muna
 17577 | Lair:3   | Found a hole to the Spider Nest.
 18326 | Lair:4   | Upgraded the game from 0.27-a0-65-gfb268537a3 to
                  | 0.27-a0-67-g4bfc8a49e1
 18367 | Lair:4   | Learned a level 1 spell: Foxfire
 18696 | Lair:4   | Found a staircase to the Shoals.
 18867 | Lair:4   | Reached XP level 13. HP: 63/63 MP: 17/26
 19504 | Lair:5   | Found a viscous altar of Jiyva.
 19505 | Lair:5   | Found a staircase to the Slime Pits.
 19521 | Lair:5   | Reached skill level 10 in Spellcasting
 19752 | Lair:5   | Identified a scroll of acquirement
 19752 | Lair:5   | Acquired the +2 longbow of Ysijeoss {speed, rElec Str+6}
 20604 | Lair:5   | Learned a level 1 spell: Corona
 20608 | Lair:5   | Learned a level 3 spell: Tukima's Dance
 20985 | Lair:6   | Entered Level 6 of the Lair of Beasts
 21816 | Lair:6   | Identified Sif Muna's Catalogue of Excruciating Cold (Sif
                  | Muna gifted it to you on level 6 of the Lair of Beasts)
 21816 | Lair:6   | Received a gift from Sif Muna
 22154 | Lair:6   | Learned a level 7 spell: Orb of Destruction
 22228 | Lair:6   | Found an iron altar of Okawaru.
 23152 | D:11     | Killed from afar by a killer bee

Illustrated notes

Levels and vault maps discovered:
D:1:      minmay_arrival_five_plusses, layout_rooms
D:2:      layout_rooms, uniq_jessica, uniq_crazy_yiuf_cottage
D:3:      minmay_skewed_foursquare, layout_basic, amcnicky_altar_gilded
D:4:      layout_gridville, lemuel_round_altar, temple_statues,
          minmay_goblin_kobold_house
D:5:      layout_loops_cross
D:6:      layout_loops_cross, gammafunk_ghost_necromancy
D:7:      layout_rooms
D:8:      layout_loops_corners, grunt_ministairs_13, minivault_21,
          kb_lookout_dungeons_type, kennysheep_cross_bottleneck
D:9:      kennysheep_ambush_hall, layout_basic, due_lair_maze_entry_diamond,
          corexii_leaking_fountain, elyvilon_altar_5, uniq_erolcha
D:10:     layout_loops_cross, grunt_decor_clamped, minmay_strange_pillars
D:11:     layout_irregular_city
Temple:   compressed_dpeg_circular_temple
Lair:1:   layout_big_grid, minivault_11, grunt_megastairs_4, uniq_gastronok
Lair:2:   layout_gridlike, ebering_ghost_xom, st_stairs_5, uniq_fannar
Lair:3:   layout_cave_pods, spider_nest_entry_web_field,
          nicolae_volcano_entry_vermiform
Lair:4:   layout_cave_pods, minmay_shoals_entry_beasts, forest_entry_grove
Lair:5:   layout_cave_shapes, slime_altar_1, cheibrodos_lair_caveside_slide,
          grunt_megastairs_1
Lair:6:   minmay_lair_end_enchanted_forest, layout_regular_city, basic_altar,
          eino_small_chamber_without_monster, minmay_hedge_maze

Skill      XL: |  1  2  3  4  5  6  7  8  9 10 11 12 13 |
---------------+----------------------------------------+-----
Conjurations   | 5 6 7 8 9 10 11 12 13 14 | 14.0
Hexes          | 2 4 5 6 8 10 11 12 13 14 | 14.9
Stealth        | 4 5 |  5.5
Dodging        | 5 7 |  7.2
Invocations    | 2 6 8 |  8.2
Bows           | 4 7 11 13 | 13.8
Spellcasting   | 5 7 9 11 | 11.5

Action                   |  1- 3 |  4- 6 |  7- 9 | 10-12 | 13-15 || total
-------------------------+-------+-------+-------+-------+-------++-------
Melee: Short sword       |       |     1 |     9 |    32 |       ||    42
       Dagger            |       |       |       |     8 |       ||     8
       Scimitar          |       |       |       |       |    12 ||    12
       Headbutt          |       |       |       |       |     1 ||     1
 Fire: Shortbow          |       |       |       |   102 |    20 ||   122
       Longbow           |       |       |       |       |    95 ||    95
 Cast: Magic Dart        |    51 |    53 |    81 |    67 |     2 ||   254
       Searing Ray       |     5 |    23 |    60 |   121 |    49 ||   258
       Fulminant Prism   |       |     3 |    18 |    86 |    42 ||   149
       Iskenderun's Myst |       |       |       |    20 |    46 ||    66
       Foxfire           |       |       |       |     3 |     4 ||     7
       Corona            |       |       |       |       |     7 ||     7
       Dazzling Flash    |       |       |       |       |     1 ||     1
Invok: Channel Magic     |       |       |       |     1 |     3 ||     4
Evoke: Wand              |       |       |     3 |     2 |     1 ||     6
  Use: Scroll            |       |       |     1 |    19 |     3 ||    23
       Potion            |       |       |     3 |    14 |       ||    17
 Stab: Distracted        |       |     1 |       |       |       ||     1
       Sleeping          |       |       |     2 |     2 |       ||     4
Armor: Robe              |       |     3 |    12 |    30 |    13 ||    58
Dodge: Dodged            |     3 |     5 |    49 |   112 |    89 ||   258
Block: Other             |       |       |       |     6 |    22 ||    28
       Rpst.: Scimitar   |       |       |       |       |     5 ||     5

Table legend: (Time is in decaauts)
 A = Elapsed time spent in this place.
 B = Non-inter-level travel time spent in this place.
 C = Inter-level travel time spent in this place.
 D = Time resting spent in this place.
 E = Time spent auto-exploring this place.
 F = Levels seen in this place.
 G = Mean time per level.
                   A        B        C        D        E       F      G
               +--------+--------+--------+--------+--------+-----+--------+
         Total |  23166 |  22168 |    998 |   8056 |   3427 |  19 | 1219.3 |
       Dungeon |  14169 |  13587 |    582 |   5617 |   2022 |  11 | 1288.1 |
        Temple |     83 |     61 |     22 |      0 |      0 |   1 |   83.0 |
          Lair |   8457 |   8063 |    394 |   2276 |   1405 |   6 | 1409.5 |
       Volcano |    456 |    456 |      0 |    162 |      0 |   1 |  456.0 |
               +--------+--------+--------+--------+--------+-----+--------+

Top non-repeatable levels by time:
     D:9: 2606 daAuts
     D:6: 2360 daAuts
     D:8: 2097 daAuts
  Lair:6: 1722 daAuts
  Lair:4: 1635 daAuts
  Lair:5: 1477 daAuts
     D:5: 1445 daAuts
  Lair:2: 1436 daAuts
    D:10: 1161 daAuts
     D:4: 1138 daAuts
  Lair:3: 1125 daAuts
     D:3: 1073 daAuts
  Lair:1: 1058 daAuts
     D:2: 859 daAuts
     D:1: 847 daAuts
